 Dungeon Sprint DCSS version 0.22.1-1-ga44c0e56f4 (webtiles) character file.

8866 MuseOD the Unseen (level 11, -19/63 HPs)
             Began as a Spriggan Enchanter on Sept 30, 2018.
             Was the Champion of Dithmenos.
             Killed from afar by a lindwurm (36 damage)
             ... with a blast of flame
             ... in the Dungeon (Sprint III: "The Ten Rune Challenge").
             The game lasted 00:04:02 (1587 turns).

MuseOD the Unseen (Spriggan Enchanter)              Turns: 1587, Time: 00:04:03

Health: -19/63     AC:  2    Str:  4    XL:     11   Next: 15%
Magic:  15/29      EV: 18    Int: 21    God:    Dithmenos [******]
Gold:   36         SH:  0    Dex: 16    Spells: 21/36 levels left

rFire    . . .     SeeInvis +   a - +1 dagger
rCold    . . .     Gourm    .   (shield restricted)
rNeg     . . .     Faith    .   b - +0 robe
rPois    .         Spirit   .   (helmet restricted)
rElec    .         Reflect  .   (no cloak)
rCorr    .         Harm     .   (gloves unavailable)
MR       +....     NoTele   +   (boots unavailable)
Stlth    ++++++++++             (no amulet)
HPRegen  0.20/turn              (no ring)
MPRegen  0.21/turn              (no ring)

@: wreathed by umbra, very quick
A: very small, unfitting armour, see invisible, herbivore, speed 3, slow
metabolism 2
a: Shadow Step, Shadow Form, Renounce Religion


You were in the Dungeon.
You worshipped Dithmenos.
Dithmenos was exalted by your worship.
You were not hungry.

You visited 1 branch You collected 36 gold pieces.

Inventory:

Hand Weapons
 a - a +1 dagger (weapon)
Armour
 b - a +0 robe (worn)
Wands
 i - a wand of digging (10)
Scrolls
 c - a scroll of random uselessness {unknown}
 j - 2 scrolls of blinking
 k - 2 scrolls of holy word {unknown}
 l - a scroll of amnesia {unknown}
 n - 2 scrolls of identify
 o - a scroll of remove curse {unknown}
Potions
 e - a potion of curing
 f - 2 potions of heal wounds
 g - a potion of haste
 h - 2 potions of magic
 m - 3 potions of flight
 p - 2 potions of degeneration {unknown}
 q - 4 potions of mutation
 r - a potion of berserk rage
 s - a potion of might
Comestibles
 d - 4 rations


   Skills:
 + Level 10.0 Fighting
 * Level 17.3 Short Blades
 - Level 3.0 Dodging
 + Level 17.5 Stealth
 + Level 13.1 Spellcasting
 + Level 11.2 Hexes


You had 21 spell levels left.
You knew the following spells:

 Your Spells              Type           Power        Failure   Level  Hunger
a - Corona                Hex            ######.      1%          1    None
b - Ensorcelled Hibernat  Hex/Ice        #####.       1%          2    None
c - Confuse               Hex            ######..     1%          3    None
d - Dazzling Spray        Conj/Hex       #####.       1%          3    None
e - Tukima's Dance        Hex            ######..     1%          3    None
f - Mephitic Cloud        Conj/Pois/Air  ##......     14%         3    None

Your spell library contained the following spells:

 Spells                   Type           Power        Failure   Level  Hunger
 Slow                     Hex            ######..     1%          2    None
 Magic Dart               Conj           ##..         4%          1    None
 Blink                    Tloc           N/A          7%          2    None
 Call Imp                 Summ           ##......     7%          2    None
 Conjure Flame            Conj/Fire      ##......     14%         3    None


Dungeon Overview and Level Annotations

Branches:
Dungeon (1/1)

Altars:
Dithmenos
Elyvilon
Kikubaaqudgha
Okawaru
Ru
Sif Muna
Trog
Uskayaw
Vehumet
Wu Jian
Yredelemnul
Zin
The Shining One
Beogh


Innate Abilities, Weirdness & Mutations

You are very small and have problems with some larger weapons.
You are too small for most types of armour.
You have supernaturally acute eyesight. (SInv)
You are a herbivore.
You cover ground extremely quickly.
You need to consume almost no food.


Message History

Aiming: Ensorcelled Hibernation (safe; 1% risk of failure)
Press: ? - help, Shift-Dir - straight line, f - redback
Aim: a redback (black smoke, moderately wounded, clinging, umbra, chance to The redback looks drowsy...
The helpless redback fails to defend itself.
You stick the redback like a pincushion!!!!!
You kill the redback!
Dithmenos accepts your kill.
Casting: Ensorcelled Hibernation (safe; 1% risk of failure)
Confirm with . or Enter, or press ? or * to list all spells.
Aiming: Ensorcelled Hibernation (safe; 1% risk of failure)
Press: ? - help, Shift-Dir - straight line, f - lindwurm
Aim: a lindwurm (black smoke, umbra, chance to defeat MR: 48%)
The lindwurm resists with some effort.
Your shadow mimicks your spell!
The lindwurm easily resists.
The lindwurm breathes flames at you. The blast of flame hits you!
Ouch! That really hurt!
You die...

#†≈♣♣♣♣♣♣♣♣♣♣♣♣♣♣♣♣
#.†♣♣ ♣ ###'♣
♣♣♣♣†# ♣...##
♣♣.##. ♣..#s##
♣♣.##§# ♣♣@##§#
♣..§k§# #######


You could see a lindwurm.

Vanquished Creatures
  Dowan (D)
  3 yaktaur captains (D)
  Erolcha (D)
  A deep elf mage (D)
  Duvessa (D)
  2 spiny frogs (D)
  A komodo dragon (D)
  3 wandering mushrooms (D)
  2 tyrant leeches (D)
  A shadow (D)
  4 redbacks (D)
  A necrophage (D)
  5 two-headed ogres (D)
  A water elemental (D)
  A wizard (D)
  A jelly (D)
  Jessica (D)
  A necromancer (D)
  3 humans (D)
  A kobold demonologist (D)
  A wolf (D)
  3 rats (D)
39 creatures vanquished.

Vanquished Creatures (others)
  2 draconian scorchers (D)
  6 hellions (D)
  A yaktaur (D)
9 creatures vanquished.

Grand Total: 48 creatures vanquished

Notes
Turn   | Place    | Note
-------+----------+-------------------------------------------
     0 | D        | MuseOD the Spriggan Enchanter began the quest for the Orb.
     0 | D        | Reached XP level 1. HP: 9/9 MP: 5/5
    32 | D        | Noticed Jessica
    44 | D        | Killed Jessica
    44 | D        | Reached XP level 2. HP: 15/15 MP: 4/6
    48 | D        | Learned a level 2 spell: Ensorcelled Hibernation
    69 | D        | Reached skill level 5 in Short Blades
    69 | D        | Reached XP level 3. HP: 19/19 MP: 5/8
    94 | D        | Killed a yaktaur
    98 | D        | Learned a level 3 spell: Confuse
   111 | D        | Killed a hellion
   111 | D        | Killed a hellion
   124 | D        | Killed a hellion
   124 | D        | Killed a hellion
   134 | D        | Killed a hellion
   158 | D        | Killed a white draconian scorcher
   161 | D        | Killed a white draconian scorcher
   178 | D        | Killed a hellion
   327 | D        | Noticed a water elemental
   330 | D        | Killed a water elemental
   330 | D        | Reached XP level 4. HP: 25/25 MP: 9/9
   338 | D        | Found a basalt altar of Yredelemnul.
   338 | D        | Found a shadowy altar of Dithmenos.
   338 | D        | Found a sacrificial altar of Ru.
   338 | D        | Noticed a necrophage
   345 | D        | Killed a necrophage
   345 | D        | Reached XP level 5. HP: 30/30 MP: 0/12
   394 | D        | Became a worshipper of Dithmenos the Shadowed
   506 | D        | Found a glowing silver altar of Zin.
   506 | D        | Found a glowing golden altar of the Shining One.
   506 | D        | Found a white marble altar of Elyvilon.
   506 | D        | Noticed a deep elf mage
   518 | D        | Killed a deep elf mage
   518 | D        | Reached XP level 6. HP: 28/36 MP: 6/17
   518 | D        | Reached XP level 7. HP: 31/40 MP: 6/18
   525 | D        | Learned a level 3 spell: Dazzling Spray
   593 | D        | Found a hide-covered altar of Uskayaw.
   593 | D        | Found a roughly hewn altar of Beogh.
   593 | D        | Found an iron altar of Okawaru.
   593 | D        | Found a bloodstained altar of Trog.
   593 | D        | Found an ornate altar of the Wu Jian Council.
   593 | D        | Noticed a human
   593 | D        | Noticed a human
   596 | D        | Killed a human
   597 | D        | Killed a human
   597 | D        | Reached * piety under Dithmenos
   609 | D        | Found a radiant altar of Vehumet.
   610 | D        | Found a deep blue altar of Sif Muna.
   610 | D        | Found an ancient bone altar of Kikubaaqudgha.
   622 | D        | Learned a level 3 spell: Tukima's Dance
   626 | D        | Learned a level 3 spell: Mephitic Cloud
   637 | D        | Noticed a shadow
   639 | D        | Killed a shadow
   639 | D        | Reached ** piety under Dithmenos
   639 | D        | Reached XP level 8. HP: 45/45 MP: 19/21
   706 | D        | Reached *** piety under Dithmenos
   706 | D        | Reached skill level 5 in Hexes
   750 | D        | Noticed a two-headed ogre
   753 | D        | Killed a two-headed ogre
   757 | D        | Noticed Erolcha
   758 | D        | Noticed a two-headed ogre
   760 | D        | Killed a two-headed ogre
   761 | D        | Killed Erolcha
   761 | D        | Reached skill level 10 in Spellcasting
   761 | D        | Reached XP level 9. HP: 51/51 MP: 19/24
   764 | D        | Reached **** piety under Dithmenos
   772 | D        | Reached skill level 15 in Stealth
   826 | D        | Noticed Dowan
   827 | D        | Noticed Duvessa
   831 | D        | Killed Dowan
   831 | D        | Reached skill level 15 in Short Blades
   831 | D        | Reached XP level 10. HP: 57/57 MP: 24/26
   835 | D        | Killed Duvessa
   947 | D        | Noticed a yaktaur captain
   948 | D        | Killed a yaktaur captain
  1027 | D        | Noticed a yaktaur captain
  1044 | D        | Noticed a yaktaur captain
  1045 | D        | HP: 2/58 [yaktaur captain/bolt (56)]
  1344 | D        | Killed a yaktaur captain
  1344 | D        | Reached ***** piety under Dithmenos
  1344 | D        | Reached skill level 10 in Hexes
  1432 | D        | Killed a yaktaur captain
  1471 | D        | Noticed a spiny frog
  1471 | D        | Noticed a spiny frog
  1474 | D        | Killed a spiny frog
  1474 | D        | Reached XP level 11. HP: 63/63 MP: 28/28
  1550 | D        | Reached ****** piety under Dithmenos
  1575 | D        | Noticed a lindwurm
  1583 | D        | Reached skill level 10 in Fighting
  1587 | D        | Killed from afar by a lindwurm

Skill      XL: |  1  2  3  4  5  6  7  8  9 10 11 |
---------------+----------------------------------+-----
Short Blades   | 4 5 7 8 11 12 14 15 17 | 17.3
Fighting       | 2 3 4 6 8 9 10 | 10.0
Stealth        | 6 8 9 12 13 14 15 17 | 17.5
Spellcasting   | 4 7 8 10 11 12 13 | 13.1
Hexes          | 4 7 9 10 11 | 11.2
Dodging        | |  3.0

Action                   |  1- 3 |  4- 6 |  7- 9 | 10-12 || total
-------------------------+-------+-------+-------+-------++-------
Melee: Dagger            |    26 |    14 |    21 |    28 ||    89
 Cast: Corona            |     2 |       |       |       ||     2
       Ensorcelled Hiber |     2 |       |     1 |     4 ||     7
       Confuse           |     1 |     5 |     4 |    12 ||    22
       Mephitic Cloud    |       |       |     1 |     1 ||     2
  Use: Potion            |       |     1 |       |       ||     1
 Stab: Sleeping          |     4 |       |    12 |     6 ||    22
       Confused          |     2 |     1 |     4 |     5 ||    12
Armor: Robe              |     1 |       |       |       ||     1
Dodge: Dodged            |    13 |     3 |     4 |     9 ||    29
